 Dungeon Crawl Stone Soup version 0.28.0-53-g5a82cb258f (webtiles) character file.

Game seed: 1928136691019269939

235 Peloso the Covered (level 5, -4/47 HPs)
             Began as a Minotaur Fighter on May 28, 2022.
             Slain by a hornet (11 damage)
             ... on level 4 of the Dungeon.
             The game lasted 00:03:29 (2728 turns).

Peloso the Covered (Minotaur Fighter)               Turns: 2728, Time: 00:03:29

Health: -4/47      AC:  7    Str: 21    XL:     5   Next: 76%
Magic:  4/4        EV:  9    Int:  5    God:
Gold:   185        SH:  5    Dex: 11    Spells: 4/4 levels left

rFire   . . .      SeeInvis .   a - +0 long sword
rCold   . . .      Faith    .   c - +0 buckler
rNeg    . . .      Spirit   .   b - +0 scale mail
rPois   .          Reflect  .   (helmet restricted)
rElec   .          Harm     .   (no cloak)
rCorr   .          Rampage  .   (no gloves)
Will    .....                   (no boots)
Stlth   ..........              (no amulet)
HPRegen 0.15/turn               (no ring)
MPRegen 0.09/turn               (no ring)

@: lethally poisoned (-4 -> -21), slowed, very slow
A: horns 2, retaliatory headbutt
a: no special abilities


You were on level 4 of the Dungeon.
You visited 1 branch of the dungeon, and saw 4 of its levels.

You collected 185 gold pieces.

Inventory:

Hand Weapons
 a - a +0 long sword (weapon)
Armour
 b - a +0 scale mail (worn)
 c - a +0 buckler (worn)
Scrolls
 e - a scroll of fear {unknown}
 h - a scroll of magic mapping {unknown}
 i - a scroll of vulnerability {unknown}
 l - a scroll of holy word {unknown}
 m - a scroll of acquirement {unknown}
Potions
 d - a potion of might
 f - 2 potions of haste
 k - a potion of heal wounds


   Skills:
 + Level 4.4 Fighting
 + Level 4.8 Long Blades
 + Level 5.1 Armour
 + Level 1.4 Dodging
 + Level 4.4 Shields


You had 4 spell levels left.
You didn't know any spells.
Your spell library contained the following spells:

 Spells                   Type           Power      Damage    Failure   Level
 Ozocubu's Armour         Ice            0%         N/A       99%         3
 Metabolic Englaciation   Hex/Ice        0%         N/A       100%        5
 Simulacrum               Ice/Necr       0%         N/A       100%        6


Dungeon Overview and Level Annotations

Branches:
Dungeon (4/15)
 Temple: D:4-7

Altars:

Shops:
D:1 *


Innate Abilities, Weirdness & Mutations

You have a pair of horns on your head.
You reflexively headbutt those who attack you in melee.


Message History

You slash the kobold!
You kill the kobold!
Things that are here:
a +0 dagger; 4 poisoned darts; a kobold corpse
Things that are here:
a +0 falchion; a +0 ring mail HP restored.
A hornet comes into view.
The hornet buzzes angrily.
A hornet is nearby!
A hornet is nearby!
The hornet stings you.
You feel yourself slow down.
The hornet stings you but does no damage.
Sorry, you're not good enough to have a special ability.
Sorry, you're not good enough to have a special ability.
Unknown command.
You closely miss the hornet. Your headbutt misses the hornet.
The hornet stings you!
You feel as though you will be slow longer.
The hornet stings you!
You are poisoned.
You feel as though you will be slow longer.
You block the hornet's attack.
Okay, then.
Okay, then.
You hit the hornet.
The hornet is lightly wounded.
You feel very sick. The hornet stings you.
You feel as though you will be slow longer.
The hornet stings you.
You feel as though you will be slow longer.
You closely miss the hornet. You headbutt the hornet!
The hornet is moderately wounded.
You feel sick. The hornet stings you!
* * * LOW HITPOINT WARNING * * *
You are lethally poisoned!
You feel as though you will be slow longer.
The hornet stings you!
You die...

####.##.....#........
#.##.....#........
###.##..............
#..........#...#....
#.#.##...........#..
#.#....#.#..........
#!.......#..........
#......#...)........
#.#@####..)†.......#
#.#y..............<#
#.#.####...........#
#.# #.......#.... ..#
..............
###.....##....(...
#...............
#..... ....... ##....
......


You could see a hornet.

Vanquished Creatures
  A wyvern skeleton (D:3)
  A hound (D:4)
  An iguana (D:3)
  Robin (D:2)
  3 adders
  A worm (D:2)
  2 orcs
  7 ball pythons
  6 bats
  7 endoplasms
  3 giant cockroaches
  9 goblins
  10 hobgoblins
  2 jackals (D:1)
  4 quokkas
  7 frilled lizards
  6 kobolds
  5 rats
76 creatures vanquished.

Notes
Turn   | Place    | Note
-------+----------+-------------------------------------------
     0 | D:1      | Peloso the Minotaur Fighter began the quest for the Orb.
     0 | D:1      | Reached XP level 1. HP: 19/19 MP: 0/0
   108 | D:1      | Reached skill level 4 in Armour
   108 | D:1      | Reached XP level 2. HP: 23/27 MP: 1/1
   349 | D:1      | Found Voskiceg's General Store.
   875 | D:1      | Reached XP level 3. HP: 32/33 MP: 2/2
  1352 | D:2      | Noticed Robin
  1371 | D:2      | Killed Robin
  1372 | D:2      | Reached XP level 4. HP: 30/40 MP: 3/3
  2099 | D:3      | Reached skill level 1 in Dodging
  2229 | D:3      | Reached XP level 5. HP: 24/46 MP: 4/4
  2591 | D:3      | Reached skill level 5 in Armour
  2723 | D:4      | Noticed a hornet
  2728 | D:4      | Slain by a hornet

Illustrated notes

Levels and vault maps discovered:
D:1:      lightli_arrival_flooded_house, layout_basic, serial_shops, shop,
          wad_floor_pattern_1, grunt_decor_arrowhead, minmay_tetromino_t4
D:2:      layout_basic, serial_bayou_pond_d, uniq_robin
D:3:      layout_basic
D:4:      layout_basic, evilmike_ruin_ashenzari, uniq_eustachio

Skill      XL: |  1  2  3  4  5 |
---------------+----------------+-----
Armour         | 4 5 |  5.1
Fighting       | 4 |  4.4
Shields        | 4 |  4.4
Long Blades    | 3 4 |  4.8
Dodging        | 1 |  1.4

Action                   |  1- 3 |  4- 6 || total
-------------------------+-------+-------++-------
Melee: Long sword        |    97 |    54 ||   151
       Headbutt          |    12 |     7 ||    19
  Use: Scroll            |       |     3 ||     3
Armor: Scale mail        |    50 |    30 ||    80
Dodge: Dodged            |    50 |    27 ||    77
Block: Buckler           |    38 |    19 ||    57
